 Dungeon Crawl Stone Soup version 0.26.1-11-gd32895ea62 (webtiles) character file.

Game seed: 13287195229068898282

5808 Tirrikindir the Covert (level 10, -14/65 HPs)
             Began as an Octopode Fighter on June 16, 2021.
             Was an Elder of Makhleb.
             Demolished by an orc warrior
             ... wielding a +0 glaive
              (30 damage)
             ... in a bailey.
             The game lasted 00:25:26 (9679 turns).

Tirrikindir the Covert (Octopode Fighter)           Turns: 9679, Time: 00:25:26

Health: -14/65     AC:  3    Str: 16    XL:     10   Next: 79%
Magic:  14/14      EV: 15    Int: 18    God:    Makhleb [****..]
Gold:   656        SH: 12    Dex: 21    Spells: 6/12 levels left

rFire    . . .     SeeInvis .   a - +4 long sword
rCold    + . .     Faith    .   b - +2 kite shield
rNeg     . . .     Spirit   .   (helmet restricted)
rPois    .         Reflect  .   v - amulet of the acrobat
rElec    .         Harm     .   e - ring of protection from cold
rCorr    .         Rampage  .   t - +6 ring of dexterity
Will     .....     Rnd*Rage +   u - +4 ring of slaying
Stlth    ++++++++..             A - +6 ring of intelligence
HPRegen  0.20/turn              w - ring of stealth
MPRegen  0.14/turn              (no ring)
                                (no ring)
                                (no ring)

@: mighty, about to teleport
A: almost no armour, stealthy swim, amphibious, 8 rings, constrict 8, icy blue
scales 1, camouflage 1, agile 1, berserk 1, gelatinous body 1, MP-powered wands
a: Renounce Religion, Minor Destruction, Lesser Servant of Makhleb, Major
Destruction


You were in a bailey.
You worshipped Makhleb.
Makhleb was greatly pleased with you.
You visited 2 branches of the dungeon, and saw 10 of its levels.
You also visited: Ossuary and Bailey.

You collected 656 gold pieces.

Inventory:

Hand Weapons
 a - a +4 long sword (weapon)
 g - a +0 rapier
Armour
 b - a +2 kite shield (worn)
Jewellery
 e - a ring of protection from cold (left tentacle)
 t - a +6 ring of dexterity (right tentacle)
 u - a +4 ring of slaying (on tentacle)
 v - an amulet of the acrobat (around mantle)
 w - a ring of stealth (on tentacle)
 A - a +6 ring of intelligence (on tentacle)
Wands
 n - a wand of iceblast (6)
 x - a wand of digging (8)
Scrolls
 i - 2 scrolls of remove curse
 j - 2 scrolls of teleportation
 m - 3 scrolls of fear
 p - a scroll of blinking
 y - a scroll of immolation
 z - a scroll of random uselessness {unknown}
 C - a scroll of identify
Potions
 c - a potion of might
 d - a potion of resistance
 f - a potion of cancellation
 h - 4 potions of heal wounds
 k - 2 potions of haste
 l - 5 potions of curing
 o - a potion of invisibility
 q - 2 potions of flight
 r - 3 potions of brilliance {unknown}
 s - 2 potions of lignification {unknown}
 B - a potion of berserk rage


   Skills:
 + Level 4.4 Fighting
 * Level 8.4 Long Blades
 * Level 4.8 Dodging
 - Level 13.4 Stealth
 * Level 4.8 Shields
 + Level 1.5 Spellcasting
 + Level 1.4 Conjurations
 + Level 1.8 Fire Magic
 + Level 5.3 Invocations
 + Level 3.0 Evocations


You had 6 spell levels left.
You knew the following spells:

 Your Spells              Type           Power        Failure   Level
a - Foxfire               Conj/Fire      28%          34%         1
b - Fireball              Conj/Fire      3%           100%        5

Your spell library contained the following spells:

 Spells                   Type           Power        Failure   Level
 Magic Dart               Conj           24%          36%         1
 Searing Ray              Conj           12%          50%         2
 Freeze                   Ice            4%           56%         1
 Blink                    Tloc           N/A          71%         2
 Call Imp                 Summ           1%           71%         2
 Slow                     Hex            1%           71%         2
 Conjure Flame            Conj/Fire      7%           71%         3
 Inner Flame              Hex/Fire       4%           82%         3
 Dazzling Flash           Conj/Hex       8%           83%         3
 Mephitic Cloud           Conj/Pois/Air  3%           86%         3
 Confusing Touch          Hex            1%           91%         3
 Frozen Ramparts          Ice            2%           91%         3
 Gell's Gravitas          Tloc           0%           91%         3
 Ozocubu's Armour         Ice            1%           91%         3
 Sticky Flame             Conj/Fire      7%           98%         4
 Fulminant Prism          Conj/Hex       2%           99%         4
 Hailstorm                Conj/Ice       4%           99%         4
 Iskenderun's Mystic Bla  Conj/Tloc      4%           99%         4
 Petrify                  Tmut/Erth      1%           100%        4
 Summon Ice Beast         Ice/Summ       1%           100%        4
 Metabolic Englaciation   Hex/Ice        0%           100%        5
 Yara's Violent Unravell  Hex/Tmut       0%           100%        5


Dungeon Overview and Level Annotations

Branches:
Dungeon (9/15)             Temple (1/1) D:5            Lair (0/6) D:8
    Orc (0/2) D:9         Ossuary (visited)          Bailey (1/1)

Altars:
Ashenzari
Cheibriados
Dithmenos
Elyvilon
Fedhas
Gozag
Hepliaklqana
Kikubaaqudgha
Makhleb
Nemelex Xobeh
Okawaru
Qazlal
Ru
Sif Muna
Trog
Uskayaw
Vehumet
Wu Jian
Yredelemnul
Zin
The Shining One


Innate Abilities, Weirdness & Mutations

You cannot wear most types of armour.
You are very stealthy in the water. (Stealth+)
You are amphibious.
You can wear up to eight rings at the same time.
You can use your tentacles to constrict eight enemies at once.
Your skin changes colour to match your surroundings (Stealth+).
Your rubbery body absorbs attacks. (AC +1, EV +1)
You are partially covered in icy blue scales. (AC +2)
You are agile. (Dex +2)
You tend to lose your temper in combat.
You expend magic power (3 MP) to strengthen your wands.


Message History

Press: ? - help, Q - select action, (/) - cycle Shift-Dir - straight line, f/p - orc knight
Aim: an orc knight, wielding a +0 trident and wearing a +0 plate armour (lightly wounded)
The zap hits the orc knight.
The orc knight is lightly wounded.
The orc knight roars a battlecry!
The orc warrior goes into a battle-frenzy!
You feel very mighty all of a sudden. The orc knight closely misses you.
The orc warrior barely misses you.
The orc knight hits you with a +0 trident!
An orc warrior comes into view. It is wielding a +0 spear.
You hit the orc warrior. Your grab misses the orc warrior.
The orc warrior is lightly wounded.
The orc warrior misses you.
The orc knight hits you with a +0 trident!!
* * * LOW HITPOINT WARNING * * *
The orc warrior closely misses you.
As you read the scroll of teleportation, it crumbles to dust.
You feel strangely unstable.
The orc warrior hits you with a +0 glaive!!
You die...

.......).......##.......##.......
..............##..#'#'#..##......
..............#..##)#.##..#......
.............##.#########.##.....
.............##.')# #.'.##.....
.............##.### ###)##.....
.............##.')# #)')##.....
....(........##)### ###.##.....
..............#.@# #..##.....
.........(....##oo# #.........
...............##.o. #.........
.......≈≈≈≈≈....##.... #.....≈≈≈≈
......≈≈#)#.≈....#######....≈.#.#
......≈##(∩#≈...............≈#∩.#
......≈)(^..≈...............≈))^.
......≈##.##≈...............(##.#
......≈≈#)#≈≈...............≈≈#.#


You could see an orc knight and 2 orc warriors.

Vanquished Creatures
  A two-headed ogre (D:8)
  The ghost of oc3rt the Bolt Thrower, an amateur KoHu (D:4)
  Grum (D:8)
  Edmund (D:4)
  10 orc warriors
  2 ice beasts (D:8)
  A sky beast (D:5)
  8 ogres
  A black bear (D:8)
  4 wolves (D:8)
  2 centaurs
  Blork the orc (D:5)
  A big kobold (D:8)
  4 elf zombies (Ossuary)
  A scorpion (D:3)
  5 killer bees (D:7)
  10 wights (D:7)
  2 howler monkeys (D:7)
  6 hounds
  6 orc wizards
  2 orc priests
  A bullfrog skeleton (D:8)
  2 iguanas
  7 worker ants
  3 big kobold zombies (Ossuary)
  2 hound zombies (Ossuary)
  A hound skeleton (D:8)
  3 mummies (Ossuary)
  A howler monkey skeleton (D:6)
  2 howler monkey zombies
  A worker ant zombie (D:5)
  9 adders
  A white imp (D:8)
  An ufetubus (D:8)
  2 oozes
  2 adder skeletons
  An adder zombie (Ossuary)
  3 worms
  4 dart slugs
  5 leopard geckos
  37 orcs
  2 ball pythons
  10 bats
  6 giant cockroaches
  8 goblins
  11 hobgoblins
  6 jackals
  13 kobolds
  7 quokkas
  6 frilled lizards
  4 goblin zombies (Ossuary)
  A hobgoblin zombie (Ossuary)
  A jackal zombie (D:5)
  6 kobold zombies (Ossuary)
  A leopard gecko zombie (D:5)
  2 orc zombies (Ossuary)
  A quokka skeleton (D:4)
  5 quokka zombies
  13 rats
  6 rat zombies
267 creatures vanquished.

Notes
Turn   | Place    | Note
-------+----------+-------------------------------------------
     0 | D:1      | Tirrikindir the Octopode Fighter began the quest for the
                  | Orb.
     0 | D:1      | Reached XP level 1. HP: 16/16 MP: 1/1
   115 | D:1      | Reached XP level 2. HP: 21/21 MP: 2/2
   126 | D:1      | Reached skill level 1 in Stealth
   301 | D:1      | Reached XP level 3. HP: 21/26 MP: 3/3
   744 | D:2      | Reached XP level 4. HP: 31/31 MP: 4/4
   904 | D:2      | Reached skill level 2 in Stealth
  1545 | D:3      | Found a basalt altar of Yredelemnul.
  1597 | D:3      | Reached XP level 5. HP: 36/36 MP: 5/5
  1833 | D:3      | Found a sacrificial altar of Ru.
  1880 | D:3      | Reached XP level 6. HP: 41/43 MP: 6/6
  2174 | D:3      | Found a burning altar of Makhleb.
  2186 | D:3      | Reached skill level 3 in Stealth
  2191 | D:3      | Became a worshipper of Makhleb the Destroyer
  2448 | D:4      | Noticed Edmund
  2464 | D:4      | Killed Edmund
  2465 | D:4      | Reached skill level 1 in Evocations
  2783 | D:4      | Found a transporter.
  2791 | D:4      | Gained mutation: You tend to lose your temper in combat.
                  | [potion of mutation]
  2791 | D:4      | Gained mutation: You expend magic power (3 MP) to
                  | strengthen your wands. [potion of mutation]
  2791 | D:4      | Gained mutation: You are partially covered in icy blue
                  | scales. (AC +2) [potion of mutation]
  2791 | D:4      | Gained mutation: You are agile. (Dex +2) [potion of
                  | mutation]
  2795 | D:4      | Noticed oc3rt's ghost (amateur KoHu)
  2930 | D:4      | Reached skill level 1 in Invocations
  2930 | D:4      | Reached XP level 7. HP: 36/48 MP: 7/7
  3288 | D:4      | Reached skill level 4 in Stealth
  3518 | D:4      | Reached skill level 5 in Long Blades
  3797 | D:4      | Found a transporter.
  4158 | D:5      | Entered Level 5 of the Dungeon
  4270 | D:5      | Found a sand-covered staircase.
  4293 | Ossuary  | Entered an ossuary
  4328 | Ossuary  | Reached * piety under Makhleb
  4331 | Ossuary  | Reached skill level 5 in Stealth
  4346 | Ossuary  | Reached XP level 8. HP: 43/54 MP: 10/10
  4582 | D:5      | Noticed Blork the orc
  4593 | D:5      | Killed Blork the orc
  4594 | D:5      | Reached skill level 6 in Stealth
  5245 | D:5      | Found a staircase to the Ecumenical Temple.
  5256 | Temple   | Entered the Ecumenical Temple
  5435 | D:5      | Found a stormy altar of Qazlal.
  5447 | D:5      | Reached ** piety under Makhleb
  6115 | D:6      | Found a hide-covered altar of Uskayaw.
  6121 | D:6      | Found an iron altar of Okawaru.
  6576 | D:7      | Reached skill level 7 in Stealth
  6577 | D:7      | Reached XP level 9. HP: 57/58 MP: 12/12
  6673 | D:7      | Reached skill level 5 in Invocations
  6712 | D:7      | Reached skill level 8 in Stealth
  6818 | D:7      | Reached skill level 9 in Stealth
  6953 | D:7      | Reached skill level 10 in Stealth
  7740 | D:4      | Killed oc3rt's ghost
  7741 | D:4      | Reached skill level 11 in Stealth
  7744 | D:4      | HP: 4/87 [ogre/+0 giant spiked club (30)]
  7961 | D:8      | Noticed Grum
  7963 | D:8      | Reached skill level 12 in Stealth
  7969 | D:8      | Reached XP level 10. HP: 13/63 MP: 13/13
  7969 | D:8      | Killed Grum
  7974 | D:8      | Reached skill level 13 in Stealth
  8322 | D:8      | Reached *** piety under Makhleb
  8435 | D:8      | Learned a level 1 spell: Foxfire
  8441 | D:8      | Learned a level 5 spell: Fireball
  8587 | D:8      | Noticed a two-headed ogre
  8592 | D:8      | Killed a two-headed ogre
  8822 | D:8      | Found a staircase to the Lair.
  8847 | D:8      | Reached skill level 1 in Conjurations
  8847 | D:8      | Reached skill level 1 in Fire Magic
  8897 | D:8      | Reached skill level 1 in Spellcasting
  9300 | D:9      | Noticed an eight-headed hydra
  9335 | D:9      | Found a flagged portal.
  9344 | D:9      | Reached **** piety under Makhleb
  9347 | Bailey   | Entered a bailey
  9669 | Bailey   | Noticed an orc knight
  9679 | Bailey   | Demolished by an orc warrior

Illustrated notes

Levels and vault maps discovered:
D:1:      mrwooster_arrival_statue_3, layout_basic, nrook_mini_backslash,
          dk_noncrumbling_4, minmay_tetromino_t2
D:2:      layout_loops_ring
D:3:      layout_loops_ring, old_standard_altar, makhleb_heckhound_becter,
          yredelemnul_altar_generic
D:4:      layout_layer_cave, gammafunk_ghost_smash, uniq_edmund
D:5:      layout_loops_corners, overflow_temple_1_default, temple_fountains,
          enter_ossuary_4, uniq_blork_the_orc
D:6:      layout_gridville, minitemple
D:7:      layout_loops_cross
D:8:      layout_gridville, lair_entry_dummy, uniq_grum
D:9:      layout_roguey, lemuel_doored_altar, hiddenorc2_lemuel, special_room
          [special_room_orc], enter_bailey_3, minmay_bent
Temple:   lightli_temple_of_artemis
Bailey:   bailey_polearm_2, bailey

Skill      XL: |  1  2  3  4  5  6  7  8  9 10 |
---------------+-------------------------------+-----
Stealth        | 1 2 3 5 7 12 13 | 13.4
Long Blades    | 3 4 5 7 8 |  8.4
Fighting       | 4 |  4.4
Dodging        | 4 |  4.8
Shields        | 4 |  4.8
Evocations     | 1 2 3 |  3.0
Invocations    | 1 2 4 5 |  5.3
Conjurations   | 1 |  1.4
Fire Magic     | 1 |  1.8
Spellcasting   | 1 |  1.5

Action                   |  1- 3 |  4- 6 |  7- 9 | 10-12 || total
-------------------------+-------+-------+-------+-------++-------
Melee: Long sword        |    59 |    88 |   224 |   107 ||   478
       Constrict         |    13 |    20 |    66 |    32 ||   131
       Tentacles         |     9 |    16 |    76 |    36 ||   137
Throw: Boomerang         |     2 |     5 |       |       ||     7
Invok: Minor Destruction |       |       |    15 |    16 ||    31
  Use: Scroll            |       |     9 |    10 |     4 ||    23
       Potion            |       |     1 |     2 |     2 ||     5
 Stab: Sleeping          |    10 |    19 |    26 |    14 ||    69
       Distracted        |       |       |     1 |       ||     1
Armor: Skin              |     3 |     5 |    19 |     8 ||    35
Dodge: Dodged            |    21 |    23 |   101 |    62 ||   207
Block: Kite shield       |    30 |    29 |    97 |    62 ||   218
       Rpst.: Long sword |     7 |     7 |    33 |    17 ||    64
